 Dungeon Crawl Stone Soup version 0.22-a0-533-g4d20840 (webtiles) character file.

16158 kae the Carver (level 12, -9/110 HPs)
             Began as a Minotaur Fighter on June 22, 2018.
             Was a Priest of Qazlal.
             Mangled by a tyrant leech (23 damage)
             ... on level 1 of the Lair of Beasts.
             The game lasted 00:10:44 (12972 turns).

kae the Carver (Minotaur Fighter)                  Turns: 12972, Time: 00:10:44

Health: -9/110     AC: 14    Str: 28    XL:     12   Next: 7%
Magic:  17/17      EV:  9    Int:  8    God:    Qazlal [***...]
Gold:   833        SH: 14    Dex: 11    Spells: 11/11 levels left

rFire    + . .     SeeInvis .   a - +1 long sword
rCold    x . .     Gourm    .   c - +0 shield
rNeg     . . .     Faith    .   b - +1 scale mail
rPois    .         Spirit   .   (helmet restricted)
rElec    .         Reflect  .   m - -1 cloak of Diarphese {Str+4 Stlth-} (curse)
rCorr    .         Harm     .   e - +2 pair of gloves
MR       .....                  (no boots)
Stlth    ..........             (no amulet)
HPRegen  0.28/turn              G - +2 ring of intelligence
MPRegen  0.15/turn              D - ring of fire

@: no status effects
A: retaliatory headbutt, horns 2
a: Upheaval, Elemental Force, Renounce Religion


You were on level 1 of the Lair of Beasts.
You worshipped Qazlal.
Qazlal was most pleased with you.
You were very hungry.

You visited 2 branches of the dungeon, and saw 13 of its levels.

You collected 833 gold pieces.

Inventory:

Hand Weapons
 a - a +1 long sword (weapon)
 J - the cursed +2 broad axe of Fragile Peace {freeze, Str+3}
   (You took it off a naga on level 2 of the Lair of Beasts)

   It has been specially enchanted to freeze those struck by it, causing extra
   injury to most foes and up to half again as much damage against particularly
   susceptible opponents.
   It can also slow down cold-blooded creatures.
   It affects your strength (+3).
   It has a curse placed upon it.
Armour
 b - a +1 scale mail (worn)
 c - a +0 shield (worn)
 e - a +2 pair of gloves (worn)
 m - the cursed -1 cloak of Diarphese (worn) {Str+4 Stlth-}
   (You found it on level 5 of the Dungeon)

   It affects your strength (+4).
   It makes you less stealthy.
   It has a curse placed upon it.
Jewellery
 z - an uncursed ring of ice
 D - a ring of fire (right hand)
 G - a +2 ring of intelligence (left hand)
Wands
 s - a wand of flame (14)
 v - a wand of digging (11)
 C - a wand of enslavement (17)
 E - a wand of polymorph (17)
 F - a wand of disintegration (15)
Scrolls
 g - 6 scrolls of remove curse
 j - 2 scrolls of identify
 k - 2 scrolls of teleportation
 l - a scroll of fear
 p - 5 scrolls of amnesia
 u - 3 scrolls of enchant armour
 y - 6 scrolls of enchant weapon
 A - a scroll of fog
 B - a scroll of blinking
 H - a scroll of magic mapping
Potions
 d - a potion of flight
 h - a potion of curing
 i - 2 potions of heal wounds
 n - a potion of ambrosia
 o - 4 potions of might
 q - 4 potions of brilliance
 r - 3 potions of lignification
 t - a potion of magic
 w - a potion of haste
 x - 2 potions of mutation
 I - a potion of agility {unknown}
Comestibles
 f - 29 rations


   Skills:
 + Level 11.2 Fighting
 * Level 14.5 Long Blades
 + Level 11.2 Armour
 + Level 2.3 Dodging
 - Level 3.6 Shields
 + Level 8.4 Invocations


You had 11 spell levels left.
You didn't know any spells.
Your spell library contained the following spells:

 Spells                   Type           Power        Failure   Level  Hunger
 Apportation              Tloc           #.....       98%         1    ##.....
 Invisibility             Hex            #.......     100%        6    #######
 Tukima's Dance           Hex            #.......     100%        3    ####...
 Summon Butterflies       Summ           #.......     98%         1    ##.....
 Alistair's Intoxication  Tmut/Pois      #.......     100%        5    ######.
 Lesser Beckoning         Tloc           #.........   100%        3    ####...


Dungeon Overview and Level Annotations

Branches:
Dungeon (11/15)            Temple (0/1) D:6            Lair (2/6) D:10
  Snake (0/4) Lair:2          Orc (0/2) D:11
  Swamp: Lair:2-4    Shoals: Lair:2-4

Altars:
Dithmenos
Fedhas
Gozag
Kikubaaqudgha
Qazlal
Sif Muna
Trog
Wu Jian
Xom
Zin


Innate Abilities, Weirdness & Mutations

You reflexively headbutt those who attack you in melee.
You have a pair of horns on your head.


Message History

You slash the tyrant leech! You headbutt the tyrant leech.
The tyrant leech is moderately wounded.
You slash the tyrant leech! Your headbutt misses the tyrant leech.
The tyrant leech is heavily wounded.
The tyrant leech is engulfed in blazing flames.
The tyrant leech bites you!!
* * * LOW HITPOINT WARNING * * *
The tyrant leech draws strength from your injuries!
You miss the tyrant leech. Your headbutt misses the tyrant leech.
The tyrant leech is heavily wounded.
The tyrant leech is engulfed in blazing flames.
The tyrant leech barely misses you.
You riposte.
You hit the tyrant leech.
The tyrant leech is severely wounded.
You hit the tyrant leech but do no damage.
The tyrant leech is severely wounded.
You miss the tyrant leech. Your headbutt misses the tyrant leech.
The tyrant leech is severely wounded.
The tyrant leech is engulfed in blazing flames.
The tyrant leech bites you!!
You die...

###..##.##.# ##
####.#.#####'## #.
#.............######.
#..............##.##'
##...................
#.............#.....
#...................
#.w§..........#.....
#..@................
#.§.....>...........
#.............P.....
#............##.....
#.............##.PP#
#########.#+########
##........# #
#..###...## ###
##+.##.#### #..


You could see a tyrant leech.

Vanquished Creatures
  Erolcha (D:10)
  Harold (D:9)
  A hydra (Lair:2)
  Fannar (D:10)
  A two-headed ogre (D:11)
  Sonja (Lair:1)
  An ugly thing (D:11)
  2 trolls
  7 blink frogs
  3 hippogriffs
  A wraith (D:10)
  8 yaks
  3 hungry ghosts
  A steam dragon (D:9)
  Menkaure (D:7)
  A swamp worm (Lair:2)
  A naga (Lair:2)
  4 porcupines
  2 water moccasins (Lair:1)
  6 orc warriors
  2 ice beasts
  A black bear (D:6)
  3 sky beasts
  4 phantoms (D:9)
  9 centaurs
  3 crocodiles
  3 wolves (Lair:2)
  4 ogres
  Blork the orc (D:5)
  A big kobold (D:9)
  11 bullfrogs
  2 scorpions
  14 killer bees
  3 howler monkeys
  A crimson imp (D:9)
  A bullfrog zombie (D:8)
  4 centaur zombies
  5 jellies
  A bullfrog skeleton (D:11)
  2 hounds
  6 orc priests
  2 centaur skeletons
  13 orc wizards
  Natasha (thrice) (D:2)
  An iguana (D:6)
  9 worker ants
  2 hound skeletons
  2 howler monkey zombies
  A worker ant zombie (D:8)
  Robin (D:2)
  6 adders
  14 gnolls
  A shadow imp (D:6)
  3 adder skeletons
  3 worms
  2 dart slugs
  4 leopard geckos
  38 orcs
  13 hobgoblins
  12 jackals
  17 kobolds
  2 quokkas
  A ball python (D:3)
  7 bats
  4 frilled lizards
  14 goblins
  A leopard gecko skeleton (D:6)
  A leopard gecko zombie (D:6)
  2 quokka zombies
  11 rats
  A butterfly (D:6)
319 creatures vanquished.

Vanquished Creatures (collateral kills)
  A yak (D:10)
1 creature vanquished.

Vanquished Creatures (others)
  2 yaks (D:9)
  An ogre (D:9)
  An adder (D:9)
  6 fungi
  2 plants (Lair:1)
12 creatures vanquished.

Grand Total: 332 creatures vanquished

Notes
Turn   | Place    | Note
-------+----------+-------------------------------------------
     0 | D:1      | kae the Minotaur Fighter began the quest for the Orb.
     0 | D:1      | Reached XP level 1. HP: 19/19 MP: 0/0
   197 | D:1      | Reached XP level 2. HP: 27/27 MP: 1/1
   249 | D:1      | Reached skill level 3 in Long Blades
   646 | D:1      | Reached XP level 3. HP: 12/33 MP: 2/2
   885 | D:2      | Noticed Natasha
   890 | D:2      | Killed Natasha
   890 | D:2      | Reached skill level 4 in Long Blades
   932 | D:2      | Reached XP level 4. HP: 37/40 MP: 3/3
  1040 | D:2      | Noticed Natasha
  1065 | D:2      | Killed Natasha
  1077 | D:2      | Noticed Natasha
  1098 | D:2      | Killed Natasha
  1252 | D:2      | Reached XP level 5. HP: 46/47 MP: 4/4
  1311 | D:2      | Reached skill level 5 in Long Blades
  1666 | D:2      | Noticed Robin
  1682 | D:2      | Killed Robin
  1888 | D:2      | Found a glowing silver altar of Zin.
  1888 | D:2      | Found a stormy altar of Qazlal.
  1889 | D:2      | Found an ancient bone altar of Kikubaaqudgha.
  1993 | D:2      | Became a worshipper of Qazlal Stormbringer
  2476 | D:3      | Reached skill level 5 in Armour
  2738 | D:4      | Reached * piety under Qazlal
  2738 | D:4      | Reached skill level 5 in Fighting
  2794 | D:4      | Reached XP level 6. HP: 45/56 MP: 5/5
  2929 | D:4      | Reached skill level 1 in Invocations
  3103 | D:4      | Found a shadowy altar of Dithmenos.
  3441 | D:5      | Entered Level 5 of the Dungeon
  3559 | D:5      | Reached skill level 6 in Long Blades
  3743 | D:5      | Noticed Blork the orc
  3749 | D:5      | Killed Blork the orc
  3798 | D:5      | Found a deep blue altar of Sif Muna.
  3858 | D:5      | Got a bloodstained cloak
  3864 | D:5      | Identified the cursed -1 cloak of Diarphese {Str+4 Stlth-} (You found it on level 5 of the Dungeon)
  4078 | D:6      | Reached XP level 7. HP: 60/61 MP: 7/7
  4253 | D:6      | Reached skill level 7 in Long Blades
  4327 | D:6      | Found an opulent altar of Gozag.
  4446 | D:6      | Reached XP level 8. HP: 58/70 MP: 9/9
  4448 | D:6      | Found a staircase to the Ecumenical Temple.
  4462 | D:6      | Reached skill level 8 in Long Blades
  4494 | D:6      | Reached ** piety under Qazlal
  4995 | D:7      | Reached skill level 9 in Long Blades
  5092 | D:7      | Noticed Menkaure
  5102 | D:7      | Killed Menkaure
  5577 | D:7      | Reached XP level 9. HP: 68/79 MP: 11/11
  6069 | D:8      | Reached skill level 10 in Long Blades
  6136 | D:8      | Reached *** piety under Qazlal
  6211 | D:8      | Reached skill level 5 in Invocations
  6412 | D:8      | Found a blossoming altar of Fedhas.
  6987 | D:8      | Found a bloodstained altar of Trog.
  7076 | D:9      | Reached skill level 11 in Long Blades
  7096 | D:9      | Found a shimmering altar of Xom.
  7253 | D:9      | Reached XP level 10. HP: 38/90 MP: 13/13
  8297 | D:10     | Entered Level 10 of the Dungeon
  8318 | D:10     | Reached **** piety under Qazlal
  8318 | D:10     | Reached skill level 12 in Long Blades
  8820 | D:10     | Noticed Fannar
  8822 | D:10     | Noticed Erolcha
  8971 | D:10     | Noticed Harold
  8985 | D:9      | Killed Harold
  9120 | D:10     | Killed Fannar
  9120 | D:10     | Reached skill level 10 in Armour
  9120 | D:10     | Reached XP level 11. HP: 99/99 MP: 15/15
  9126 | D:10     | Killed Erolcha
  9126 | D:10     | Reached skill level 10 in Fighting
  9126 | D:10     | Reached skill level 13 in Long Blades
  9497 | D:10     | Found a staircase to the Lair.
  9578 | D:11     | Found an ornate altar of the Wu Jian Council.
  9641 | D:11     | Noticed a white ugly thing
  9657 | D:11     | Killed a white ugly thing
  9739 | D:11     | HP: 6/150 [troll (11)]
  9740 | D:11     | HP: 2/150 [troll (4)]
  9761 | D:11     | Noticed a two-headed ogre
  9768 | D:11     | Killed a two-headed ogre
 10819 | D:11     | Found a staircase to the Orcish Mines.
 11107 | Lair:1   | Entered Level 1 of the Lair of Beasts
 11651 | Lair:1   | Reached skill level 14 in Long Blades
 11837 | Lair:1   | Reached skill level 1 in Dodging
 11967 | Lair:1   | Noticed Sonja
 11970 | Lair:1   | Killed Sonja
 12364 | Lair:2   | Noticed a four-headed hydra
 12374 | Lair:2   | Killed a four-headed hydra
 12374 | Lair:2   | Reached XP level 12. HP: 73/110 MP: 8/17
 12819 | Lair:2   | Got a transparent broad axe {freeze}
 12820 | Lair:2   | Identified the cursed +2 broad axe of Fragile Peace {freeze, Str+3} (You took it off a naga on level 2 of the Lair of Beasts)
 12934 | Lair:2   | Found a staircase to the Snake Pit.
 12972 | Lair:1   | Mangled by a tyrant leech

Vault maps used:
D:1:      minmay_arrival_jagged
D:2:      minitemple, first_ration, uniq_robin, uniq_natasha
D:4:      nicolae_dithmenos_shadow_blocks, hangedman_decor_clover_reticule
D:5:      kennysheep_mini, uniq_blork_the_orc
D:6:      nicolae_overflow_hidden_temple, minmay_temple_entry_butterflies,
          serial_glass, glass_columns_b, glass_columns_b, glass_columns_a,
          glass_columns_c, glass_columns_b, glass_columns_c, glass_columns_a,
          glass_columns_b
D:7:      grunt_ogre_cave, uniq_menkaure
D:8:      old_standard_altar, trog_hazing_becter
D:9:      xom_confusion_cloud
D:10:     grunt_lair_entry_orc_guard_hut, uniq_fannar, uniq_harold, uniq_erolcha
D:11:     hiddenorc1_lemuel, basic_altar, minmay_misc_feat_hallway,
          minmay_item_behind_shaft
Lair:1:   uniq_sonja
Lair:2:   minmay_swamp_entry_worms, guppyfry_snake_entry_island

Skill      XL: |  1  2  3  4  5  6  7  8  9 10 11 |
---------------+----------------------------------+-----
Long Blades    | 3 4 5 6 7 9 11 12 14 | 14.5
Fighting       | 4 5 6 7 8 9 11 | 11.2
Armour         | 4 5 6 7 8 10 11 | 11.2
Invocations    | 1 3 4 5 7 8 |  8.4
Dodging        | 2 |  2.3
Shields        | |  3.6

Action                   |  1- 3 |  4- 6 |  7- 9 | 10-12 || total
-------------------------+-------+-------+-------+-------++-------
Melee: Long sword        |    38 |   212 |   360 |   502 ||  1112
       Headbutt          |     6 |    36 |    89 |   117 ||   248
Invok: Elemental Force   |       |       |       |     1 ||     1
       Upheaval          |       |       |       |     9 ||     9
  Use: Potion            |       |     1 |       |     6 ||     7
       Scroll            |       |    14 |     3 |    10 ||    27
  Eat: Chunk             |       |     7 |     8 |    13 ||    28
       Ration            |       |     1 |     1 |     2 ||     4
Armor: Scale mail        |    23 |   101 |   120 |   137 ||   381
       Skin              |       |       |       |    41 ||    41
Dodge: Dodged            |     9 |    56 |    60 |    83 ||   208
Block: Shield            |    19 |   112 |   229 |   369 ||   729
       Rpst.: Long sword |       |    13 |    14 |    24 ||    51

Table legend:
 A = Spawn XP
 B = Non-spawn XP
 C = Spawn XP percentage of total XP
 D = Spawn monster count
 E = Non-spawn monster count
 F = Spawn count percentage of total count
 G = Total turns spent on level
                    A         B        C        D         E        F      G
               +---------+---------+-------+---------+---------+-------+---------
         Total |       0 |   23084 |   0.0 |       0 |     319 |   0.0 | 12972
               +---------+---------+-------+---------+---------+-------+---------
           D:1 |       0 |      49 |   0.0 |       0 |      14 |   0.0 |   857
           D:2 |       0 |     247 |   0.0 |       0 |      41 |   0.0 |  1282
           D:3 |       0 |      44 |   0.0 |       0 |      23 |   0.0 |   563
           D:4 |       0 |     185 |   0.0 |       0 |       9 |   0.0 |   739
           D:5 |       0 |     191 |   0.0 |       0 |       6 |   0.0 |   620
           D:6 |       0 |    1513 |   0.0 |       0 |      32 |   0.0 |   846
           D:7 |       0 |     653 |   0.0 |       0 |      22 |   0.0 |   907
           D:8 |       0 |    1654 |   0.0 |       0 |      34 |   0.0 |  1231
           D:9 |       0 |    4118 |   0.0 |       0 |      45 |   0.0 |  2010
          D:10 |       0 |    4569 |   0.0 |       0 |      32 |   0.0 |   968
          D:11 |       0 |    3302 |   0.0 |       0 |      32 |   0.0 |  1503
        Lair:1 |       0 |    4143 |   0.0 |       0 |      19 |   0.0 |   833
        Lair:2 |       0 |    2416 |   0.0 |       0 |      10 |   0.0 |   613
               +---------+---------+-------+---------+---------+-------+---------
